 Dungeon Crawl Stone Soup version 0.29.1-2-gbd0b4ee654 (webtiles) character file.

Game seed: 9082576036547291074

183 Firos the Changer (level 5, -10/33 HPs)
             Began as an Octopode Transmuter on Nov 8, 2022.
             Mangled by an ogre
             ... wielding a +0 giant club
              (31 damage)
             ... on level 4 of the Dungeon.
             The game lasted 00:07:24 (3619 turns).

Firos the Changer (Octopode Transmuter)             Turns: 3619, Time: 00:07:24

Health: -10/33     AC:  2    Str:  9    XL:     5   Next: 62%
Magic:  7/9        EV: 19    Int: 18    God:
Gold:   113        SH:  0    Dex: 17    Spells: 0/10 levels left

rFire   . . .      SeeInvis .     - Unarmed
rCold   . . .      Faith    +   (shield currently unavailable)
rNeg    . . .      Spirit   .   (helmet currently unavailable)
rPois   x          Reflect  .   o - amulet of faith
rElec   .          Harm     .   d - ring of wizardry
rCorr   .          Rampage  .   (no ring)
Will    .....                   (no ring)
Stlth   ++........              (no ring)
HPRegen 0.11/turn               (no ring)
MPRegen 0.11/turn               (no ring)
                                (no ring)
                                (no ring)

@: spider-form
A: venomous fangs, almost no armour, (amphibious), 8 rings, tiny, (camouflage
1), (gelatinous body 1), (nimble swimmer 1), (tentacles)
a: End Transformation


You were on level 4 of the Dungeon.
You were a venomous arachnid creature.
You visited 1 branch of the dungeon, and saw 4 of its levels.

You collected 193 gold pieces.
You spent 80 gold pieces at shops.

Inventory:

Armour
 e - the +3 hat of Kioxkydyce {rElec rCorr Int+3}
   (You acquired it on level 3 of the Dungeon)

   Int:       It affects your intelligence (+3).
   rElec:     It insulates you from electricity.
   rCorr:     It protects you from acid and corrosion.
 p - the +0 hat of Hedging (melded) {Regen+}
   (You acquired it on level 3 of the Dungeon)

   Regen:     It increases your rate of health regeneration.
Jewellery
 d - a ring of wizardry (left front leg)
 o - an amulet of faith (around neck)
Wands
 g - a wand of light (21)
 m - a wand of iceblast (7)
Scrolls
 l - 2 scrolls of enchant weapon {unknown}
 n - a scroll of butterflies {unknown}
Potions
 a - a potion of lignification
 b - a potion of might {unknown}
 c - 2 potions of mutation {unknown}
 f - a potion of ambrosia {unknown}
 h - a potion of cancellation {unknown}
 i - a potion of brilliance {unknown}
 j - 2 potions of haste {unknown}
 k - a potion of flight {unknown}


   Skills:
 - Level 1.0 Fighting
 - Level 2.0 Dodging
 - Level 3.9 Unarmed Combat
 + Level 3.0 Spellcasting
 * Level 4.2 Transmutations


You couldn't memorise any spells.
You knew the following spells:

 Your Spells              Type           Power      Damage    Failure   Level
a - Beastly Appendage     Tmut           36%        N/A       4%          1
b - Wereblood             Tmut           18%        N/A       5%          2
c - Spider Form           Tmut/Pois      10%        N/A       17%         3
d - Ice Form              Ice/Tmut       10%        N/A       43%         4

Your spell library contained the following spells:

 Spells                   Type           Power      Damage    Failure   Level


Dungeon Overview and Level Annotations

Branches:
Dungeon (4/15)
 Temple: D:4-7

Altars:
Cheibriados
Gozag
Qazlal

Shops:
D:2 (   D:3 *


Innate Abilities, Weirdness & Mutations

You are a venomous arachnid creature.
You have poisonous fangs.
You are tiny and dextrous.
Your spellcasting is less reliable in this form.
Your armour is entirely melded.
You are incapable of wielding weapons or throwing items.
You cannot wear most types of armour.
((You are amphibious.))
You can wear up to eight rings at the same time.
((Your skin changes colour to match your surroundings (Stealth+).))
((Your rubbery body absorbs attacks. (AC +1, EV +1)))
((You are camouflaged when in or above water. (Stealth+)))
((You have tentacles for arms and can constrict up to eight enemies at once.))


Message History

There is a stone staircase leading up here.
A ball python comes into view.
The ball python closely misses you. The ball python barely misses you.
You completely miss the ball python. Your grab misses the ball python.
The ball python completely misses you. The ball python closely misses you.
You closely miss the ball python. You grab the ball python.
You squeeze the ball python.
You kill the ball python!
No target in view!
No target in view!
j - 2 red potions (gained 1)
You now have 113 gold pieces (gained 11).
g - a wand of light (21) (gained 13 charges)
An ogre comes into view. It is wielding a +0 giant club.
Casting: Spider Form (quite dangerous; 9% risk of failure)
Confirm with . or Enter, or press ? or * to list all spells.
The spell is quite dangerous to miscast (9% risk of failure)!
Continue anyway?
You turn into a venomous arachnid creature.
The +0 hat of Hedging {Regen+} melds into your body.
You hit the ogre.
The ogre is lightly wounded.
The ogre hits you with a +0 giant club!
You hit the ogre.
The ogre is lightly wounded.
The ogre closely misses you.
You hit the ogre.
The ogre is moderately wounded.
You bite the ogre!
The ogre is heavily wounded.
The ogre completely misses you.
You hit the ogre.
The ogre is poisoned.
The ogre is severely wounded.
The ogre completely misses you.
You hit the ogre but do no damage.
The ogre is heavily wounded.
You hit the ogre.
The ogre looks as sick as possible!
The ogre is severely wounded.
The ogre hits you with a +0 giant club!!
Ouch! That really hurt!
You die...

...# ..## .. #..# .# #..#
##############.#
#..###..............#
#..##...............#
#..##..<............#
................O...#
...#............s...#
....................##
#....................##..
##.......................
##....#............#...
##....#.........### ..
##....#.......## +
##....##.....#
##....####.##


You could see an ogre (extremely poisoned).

Vanquished Creatures
  Natasha (twice) (D:2)
  5 adders
  An ufetubus (D:2)
  2 worms (D:3)
  A dart slug (D:1)
  An orc (D:3)
  9 bats
  3 endoplasms (D:1)
  4 giant cockroaches
  10 goblins
  8 hobgoblins
  4 quokkas
  7 ball pythons
  2 frilled lizards
  10 kobolds
  6 rats
75 creatures vanquished.

Notes
Turn   | Place    | Note
-------+----------+-------------------------------------------
     0 | D:1      | Firos the Octopode Transmuter began the quest for the Orb.
     0 | D:1      | Reached XP level 1. HP: 13/13 MP: 3/3
    79 | D:1      | Reached XP level 2. HP: 16/18 MP: 5/5
   218 | D:1      | Learned a level 2 spell: Wereblood
   219 | D:1      | You fall into a shaft and drop 1 floor!
   240 | D:2      | Reached XP level 3. HP: 20/23 MP: 4/6
   264 | D:2      | Reached skill level 3 in Transmutations
   838 | D:2      | Learned a level 3 spell: Spider Form
   853 | D:2      | Reached XP level 4. HP: 26/28 MP: 7/7
  1330 | D:1      | Found a faded altar of an unknown god.
  1513 | D:2      | Found Mublu's Weapon Shoppe.
  1759 | D:2      | Noticed Natasha
  1763 | D:2      | Killed Natasha
  1939 | D:2      | Noticed Natasha
  1946 | D:2      | Killed Natasha
  1947 | D:2      | Reached XP level 5. HP: 26/33 MP: 5/9
  2023 | D:3      | Reached skill level 4 in Transmutations
  2761 | D:3      | Found Zyatios's Assorted Antiques.
  2774 | D:3      | Learned a level 4 spell: Ice Form
  2777 | D:3      | Found a stormy altar of Qazlal.
  2962 | D:3      | Bought a long copper wand for 80 gold pieces
  3066 | D:3      | Found an opulent altar of Gozag.
  3288 | D:3      | Found a faded altar of an unknown god.
  3295 | D:3      | Found a snail-covered altar of Cheibriados.
  3377 | D:3      | Identified 2 scrolls of acquirement
  3377 | D:3      | Acquired the +0 hat of Hedging {Regen+}
  3384 | D:3      | Acquired the +3 hat of Kioxkydyce {rElec rCorr Int+3}
  3607 | D:4      | Noticed an ogre
  3619 | D:4      | Mangled by an ogre

Illustrated notes

Levels and vault maps discovered:
D:1:      erik_arrival_blinker_ship, layout_basic, basic_ecumenical_altar
D:2:      layout_rooms, serial_shops, nicolae_shop_bloodbath_and_beyond,
          uniq_natasha
D:3:      layout_loops_corners, mainiacjoe_overflow_cross_hatched,
          nicolae_qazlal_scattered_showers, nicolae_overflow_ecumenical_swirl,
          serial_shops, shop, kennysheep_generic_room_12
D:4:      layout_cave_pods, kennysheep_mini, nrook_mini_backslash,
          small_statue_intersection, due_unseen_surprise

Skill      XL: |  1  2  3  4  5 |
---------------+----------------+-----
Transmutations | 3 4 |  4.2
Spellcasting   | 3 |  3.0
Fighting       | |  1.0
Dodging        | |  2.0
Unarmed Combat | |  3.9

Action                   |  1- 3 |  4- 6 || total
-------------------------+-------+-------++-------
Melee: Unarmed           |    65 |   118 ||   183
       Tentacles         |    13 |     8 ||    21
       Constrict         |    16 |    21 ||    37
       Kick              |     3 |     4 ||     7
       Punch             |       |     2 ||     2
 Cast: Beastly Appendage |     1 |     1 ||     2
       Wereblood         |     1 |     1 ||     2
       Spider Form       |       |     7 ||     7
  Use: Scroll            |       |     5 ||     5
 Stab: Sleeping          |     6 |     5 ||    11
Armor: Skin              |     4 |    13 ||    17
Dodge: Dodged            |    42 |    76 ||   118
